Galka, lawful female dwarven Valkyrie ------------- ..$$$$$$$$$$| --------- |.$$$$$$$$$$| |....... +.$$$$$$$I$I| ...... # |.$$%%$$$I$%| ..... ####### |.%III$$III$| .. # # |...I.I$I%$$| & # # ---|--------- ##@########## # # # ## # I # # # #I# # # # ----- #I# --|------# -..<| # |.....{..# ###|.%{|I -----I-- |.......| ###.....##I#.......| |`.......####################### |...| |......| -------- ----- ----.--- # Galka the Fighter Experience level: 7 Strength: 21 Dexterity: 14 Constitution: 18 Intelligence: 8 Wisdom: 9 Charisma: 8 Health: 0(66) Energy: 0(0) Def: 12 Gold: 0 Moves: 3606 Dungeon seed: ZxbRJ6Y0HsvXAdIV Game ID: Galka_1557539890 Your Inventory: Weapons x - a blessed +3 scimitar (weapon in hand) Armor e - an uncursed +3 small shield (being worn) n - an uncursed +0 studded leather armor y - an uncursed +0 helmet (being worn) z - an uncursed +0 plate mail (being worn) Comestibles c - 4 uncursed food rations I - an uncursed apple M - an uncursed fortune cookie Scrolls i - an uncursed scroll of teleportation j - an uncursed scroll of fire A - an uncursed scroll of destroy armor G - an uncursed scroll of earth N - an uncursed scroll of food detection Spellbooks g - an uncursed spellbook of force bolt C - an uncursed spellbook of dig D - a blessed spellbook of force bolt Potions k - an uncursed potion of paralysis w - 2 uncursed potions of gain energy B - 2 uncursed potions of extra healing E - an uncursed potion of sleeping J - an uncursed potion of monster detection Rings H - an uncursed ring of regeneration Wands m - an uncursed wand of teleportation (0:6) K - an uncursed wand of magic missile (0:4) Tools d - an uncursed oil lamp (0:1269) u - an uncursed mirror F - an uncursed brass lantern (0:1374) Spells and supernatural/magical abilities: Name Level Category Cost Memory W - pray for help -- divine ? -- Your skills at the end: Fighting Skills wands [Basic] Weapon Skills dagger [Basic] long sword [Basic] Spellcasting Skills Final Attributes: You were piously aligned. You were immune to cold. You had infravision. You were stealthy. You were slow. Tyr was noncommittal. You are dead. Vanquished creatures: a large mimic a leprechaun an ice vortex a gnome king a dog a dingo a housecat 8 bugbears 2 rock piercers a rock mole a pony a yellow light 2 gnome lords a red naga hatchling 3 gray oozes a straw golem a giant ant 3 little dogs 2 floating eyes a kitten a kobold lord 2 kobold shamans 3 hill orcs 4 rothes 2 rabid rats 2 giant bats a dwarf zombie 2 iguanas 2 killer bees 5 coyotes a gas spore 7 manes 2 large kobolds 5 hobgoblins 2 giant rats a cave spider a brown mold 2 yellow molds a red mold 5 gnomes a garter snake 4 geckos 6 jackals a fox a kobold 2 goblins 11 grid bugs 2 bats 3 lichens a kobold zombie 10 newts 127 creatures vanquished. Voluntary challenges: You used a wielded weapon 172 times, starting on turn 75. You read items or engraved 2 times, starting on turn 2435. You never genocided any monsters. You never polymorphed an object. You never changed form. You used no wishes. You never split a pudding. You never wrote Elbereth's name. You never violated your personal moral code. Dungeon overview: The Dungeons of Doom: levels 1 to 7 Level 1 a vault a long staircase Level 2 an altar to Tyr, a fountain Level 3 a general store stairs to The Gnomish Mines Level 4 Level 5 a throne, a vault Level 6 some altars to Tyr and Odin, a fountain Level 7 <- You were here some fountains The Gnomish Mines: Level 4 stairs to The Dungeons of Doom History has recorded: On T:1 you entered the Dungeons of Doom to retrieve the Amulet of Yendor! On T:310 you reached level 2 of The Dungeons of Doom. On T:746 you reached level 3 of The Dungeons of Doom. On T:750 you advanced to experience level 2. On T:952 you advanced to experience level 3. On T:1058 you advanced to experience level 4. On T:1152 you reached level 1 of The Gnomish Mines. On T:1476 you advanced to experience level 5. On T:1893 you reached level 4 of The Dungeons of Doom. On T:2422 you reached level 5 of The Dungeons of Doom. On T:2593 you advanced to experience level 6. On T:2726 you reached level 6 of The Dungeons of Doom. On T:3130 you reached level 7 of The Dungeons of Doom. On T:3261 you advanced to experience level 7. Score breakdown: Gold: 0 ( 0 points) Experience: 7 levels (13645 points) Exploration: 7 levels ( 14.58%) (10718 points) Discoveries: 10 items ( 4.00%) ( 6000 points) Valuables value: (no points given unless you survive) Artifact value: 0 ( 0 points) Variety of kills: 51 monsters ( 13.42%) (10990 points) Turncount: 3606 turns ( -871 points) Survival: died (score multiplied by 80%) Total score: 32385 Latest messages: You see here a scroll labeled KIRJE. The bone devil misses. (2x) [2 turns] N - a scroll labeled KIRJE. The bone devil hits! The bone devil stings! The bone devil misses. (2x) The bone devil hits! The bone devil misses. [2 turns] The bone devil hits! The bone devil stings! The bone devil hits! The bone devil stings! [2 turns] You hit the bone devil! The bone devil just misses! The bone devil misses. The bone devil hits! The bone devil misses. The bone devil hits! You die... Final status: Farvel Galka the Valkyrie, killed by a bone devil... You died in The Dungeons of Doom on dungeon level 7 with 32385 points, and 0 pieces of gold, after 3606 moves. You were level 7 with a maximum of 66 hit points when you died.